 Dungeon Crawl Stone Soup version 0.29-a0-551-gffc1d7fb78 (webtiles) character file.

Game seed: 7802948921917735469

3387 HoaS the Quickloader (level 10, -8/68 HPs)
             Began as a Kobold Hunter on June 5, 2022.
             Was a Believer of Makhleb.
             Mangled by an orc warrior
             ... wielding a +0 scimitar
              (14 damage)
             ... on level 7 of the Dungeon.
             The game lasted 00:14:19 (7627 turns).

HoaS the Quickloader (Kobold Hunter)                Turns: 7627, Time: 00:14:19

Health: -8/68      AC:  8    Str:  8    XL:     10   Next: 24%
Magic:  10/10      EV: 21    Int: 11    God:    Makhleb [**....]
Gold:   298        SH:  0    Dex: 23    Spells: 9/9 levels left

rFire   . . .      SeeInvis .   a - +2 hand crossbow (flame)
rCold   + . .      Faith    .   (no shield)
rNeg    . . .      Spirit   .   u - +0 acid dragon scales
rPois   .          Reflect  .   (no helmet)
rElec   .          Harm     .   j - +1 cloak
rCorr   +          Rampage  .   (no gloves)
Will    .....                   (no boots)
Stlth   ++++......              f - amulet of the acrobat
HPRegen 0.21/turn               s - ring of flight
MPRegen 0.12/turn               w - ring of protection from cold

@: flying
A: small, no large weapons, nightstalker 3
a: Renounce Religion, Minor Destruction


You were on level 7 of the Dungeon.
You worshipped Makhleb.
Makhleb was pleased with you.
You visited 1 branch of the dungeon, and saw 7 of its levels.
You also visited: Ossuary.

You collected 415 gold pieces.
You spent 117 gold pieces at shops.

Inventory:

Hand Weapons
 a - a +2 hand crossbow of flaming (weapon)
Missiles
 d - a throwing net
Armour
 j - a +1 cloak (worn)
 u - +0 acid dragon scales (worn)
Jewellery
 f - an amulet of the acrobat (around neck)
 i - a ring of ice
 s - a ring of flight (left hand)
 w - a ring of protection from cold (right hand)
Wands
 x - a wand of flame (8)
Scrolls
 c - 3 scrolls of immolation
 k - 10 scrolls of teleportation
 p - a scroll of fear
 t - a scroll of blinking
Potions
 b - a potion of ambrosia
 e - a potion of cancellation
 g - 2 potions of mutation
 h - a potion of berserk rage
 l - 4 potions of attraction
 m - 2 potions of curing
 n - 4 potions of lignification
 o - 3 potions of flight
 q - a potion of magic {unknown}
 r - 2 potions of haste
 v - a potion of degeneration {unknown}


   Skills:
 * Level 10.0 Fighting
 * Level 10.1 Crossbows
 * Level 10.0 Dodging
 + Level 3.2 Stealth


You had 9 spell levels left.
You didn't know any spells.
Your spell library contained the following spells:

 Spells                   Type           Power      Damage    Failure   Level
 Ensorcelled Hibernation  Hex/Ice        0%         N/A       67%         2
 Spider Form              Tmut/Pois      0%         N/A       88%         3
 Stone Arrow              Conj/Erth      0%         3d7       88%         3
 Anguish                  Hex/Necr       0%         N/A       99%         4
 Animate Armour           Summ/Erth      0%         N/A       99%         4
 Lehudib's Crystal Spear  Conj/Erth      0%         10d2      100%        8


Dungeon Overview and Level Annotations

Branches:
Dungeon (7/15)             Temple (0/1) D:6         Ossuary (visited)

Altars:
Elyvilon
Makhleb
Qazlal
Ru
Vehumet
Yredelemnul
The Shining One

Shops:
D:2 [?*[[   D:3 (

Annotations:
D:6 3 runed translucent doors, SeagullWaffle's ghost, novice OpTm; jt's ghost, novice MeCA


Innate Abilities, Weirdness & Mutations

You are small and have problems with some larger weapons.
You are completely attuned to the shadows.


Message History

You are too injured to fight recklessly!
You are too injured to fight recklessly!
You are too injured to fight recklessly!
You are too injured to fight recklessly!
You are too injured to fight recklessly!
Okay, then.
Shoot: a) +2 hand crossbow (flame)
Press: ? - help, Q - select action, (/) - cycle Shift-Dir - straight line, f/p - orc warrior
Aim: an orc warrior, wielding a +0 scimitar and wearing a +1 plate armour of fire resistance (severely wounded, 74% to hit)
You shoot a bolt.
The bolt hits the orc warrior but does no damage.
The orc warrior is severely wounded.
The orc warrior closely misses you.
Shoot: a) +2 hand crossbow (flame)
Press: ? - help, Q - select action, (/) - cycle Shift-Dir - straight line, f/p - orc warrior
Aim: an orc warrior, wielding a +0 scimitar and wearing a +1 plate armour of fire resistance (severely wounded, 74% to hit)
You shoot a bolt.
The bolt hits the orc warrior but does no damage.
The orc warrior is severely wounded.
The orc warrior misses you.
Shoot: a) +2 hand crossbow (flame)
Press: ? - help, Q - select action, (/) - cycle Shift-Dir - straight line, f/p - orc warrior
Aim: an orc warrior, wielding a +0 scimitar and wearing a +1 plate armour of fire resistance (severely wounded, 74% to hit)
You shoot a bolt. The bolt barely misses the orc warrior.
The orc warrior hits you with a +0 scimitar!
* * * LOW HITPOINT WARNING * * *
Shoot: a) +2 hand crossbow (flame)
Press: ? - help, Q - select action, (/) - cycle Shift-Dir - straight line, f/p - orc warrior
Aim: an orc warrior, wielding a +0 scimitar and wearing a +1 plate armour of fire resistance (severely wounded, 74% to hit)
You shoot a bolt.
The bolt hits the orc warrior but does no damage.
The orc warrior is severely wounded.
The orc warrior completely misses you.
Shoot: a) +2 hand crossbow (flame)
Press: ? - help, Q - select action, (/) - cycle Shift-Dir - straight line, f/p - orc warrior
Aim: an orc warrior, wielding a +0 scimitar and wearing a +1 plate armour of fire resistance (heavily wounded, 74% to hit)
You shoot a bolt. The bolt hits the orc warrior.
The orc warrior is severely wounded.
The orc warrior hits you with a +0 scimitar!
You die...

#....... #.#+#### ..
#.#.....
..#####.#....... ....
...... ######## .#.'
################ ....
#.).....#.......
.#.o##)#####.#.######
....@))....#.#.##
##.........#....#
...........'....#
##.........#.....#
#....##...#.#.#.#
......#


You could see an orc warrior.

Vanquished Creatures
  Sigmund (D:7)
  Eustachio (D:4)
  Menkaure (D:6)
  An acid dragon (D:5)
  2 water moccasins (D:5)
  Duvessa (D:4)
  3 black bears (D:5)
  3 ogres (D:5)
  3 phantoms
  4 necrophages
  4 scorpions
  2 wyvern zombies (D:6)
  A water moccasin zombie (D:6)
  Dowan (D:4)
  A howler monkey (D:5)
  A centaur zombie (D:6)
  2 bullfrog zombies (D:6)
  3 jellies
  8 hounds
  3 orc priests
  4 iguanas
  2 orc wizards (D:5)
  A killer bee zombie (D:6)
  A hound skeleton (D:4)
  4 mummies
  10 gnolls
  4 adders
  2 ufetubi
  5 adder zombies (Ossuary)
  A dart slug (D:1)
  20 orcs
  4 ball pythons
  4 bats
  10 endoplasms
  5 giant cockroaches
  11 goblins
  16 hobgoblins
  7 jackals
  9 kobolds
  6 quokkas
  4 frilled lizards
  3 goblin zombies (Ossuary)
  3 hobgoblin zombies (Ossuary)
  4 kobold zombies (Ossuary)
  An orc zombie (Ossuary)
  A quokka zombie (Ossuary)
  5 rats
  A rat zombie (Ossuary)
194 creatures vanquished.

Notes
Turn   | Place    | Note
-------+----------+-------------------------------------------
     0 | D:1      | HoaS the Kobold Hunter began the quest for the Orb.
     0 | D:1      | Reached XP level 1. HP: 12/12 MP: 1/1
   383 | D:1      | Reached XP level 2. HP: 17/17 MP: 2/2
   484 | D:1      | Found a faded altar of an unknown god.
   551 | D:1      | Reached XP level 3. HP: 21/21 MP: 3/3
  1132 | D:2      | Found Hunluhy's Armour Shop.
  1268 | D:2      | Found Qilih's Magic Scroll Emporium.
  1272 | D:2      | Bought a scroll of teleportation for 39 gold pieces
  1272 | D:2      | Bought a scroll of teleportation for 39 gold pieces
  1272 | D:2      | Bought a scroll of teleportation for 39 gold pieces
  1314 | D:2      | Reached XP level 4. HP: 26/26 MP: 4/4
  1345 | D:2      | Found Ufuecipp's Armour Emporium.
  1371 | D:2      | Found Detruts's General Store.
  1565 | D:2      | Reached XP level 5. HP: 30/30 MP: 5/5
  1959 | D:2      | Found Vaorigh's Antique Armour Shop.
  2245 | D:3      | Found Dudack's Antique Weapon Emporium.
  3251 | D:4      | Reached XP level 6. HP: 32/35 MP: 6/6
  3251 | D:4      | Noticed Dowan
  3253 | D:4      | Noticed Duvessa
  3258 | D:4      | Killed Duvessa
  3259 | D:4      | Reached skill level 10 in Crossbows
  3264 | D:4      | Killed Dowan
  3265 | D:4      | Reached XP level 7. HP: 22/40 MP: 7/7
  3488 | D:4      | Found a burning altar of Makhleb.
  3766 | D:4      | Reached XP level 8. HP: 48/48 MP: 8/8
  3825 | D:4      | Became a worshipper of Makhleb the Destroyer
  4163 | D:4      | Noticed Eustachio
  4402 | D:4      | Killed Eustachio
  4403 | D:4      | Reached skill level 5 in Dodging
  4600 | D:5      | Entered Level 5 of the Dungeon
  4653 | D:5      | Found a sand-covered staircase.
  4659 | D:5      | Reached skill level 5 in Fighting
  4662 | Ossuary  | Entered an ossuary
  4864 | Ossuary  | Reached * piety under Makhleb
  5202 | D:5      | Reached XP level 9. HP: 21/56 MP: 9/9
  6052 | D:5      | Found a radiant altar of Vehumet.
  6374 | D:6      | Found a basalt altar of Yredelemnul.
  6410 | D:6      | Found a stormy altar of Qazlal.
  6452 | D:6      | Found a staircase to the Ecumenical Temple.
  6558 | D:6      | Found a white marble altar of Elyvilon.
  6714 | D:6      | Reached XP level 10. HP: 54/65 MP: 10/10
  6894 | D:6      | Noticed Menkaure
  6902 | D:6      | Killed Menkaure
  6903 | D:6      | Reached skill level 10 in Dodging
  6935 | D:6      | Found a runed translucent gate.
  6935 | D:6      | Found a runed translucent gate.
  6935 | D:6      | Found a runed translucent gate.
  7120 | D:6      | Found a sacrificial altar of Ru.
  7122 | D:6      | Reached ** piety under Makhleb
  7308 | D:6      | Found a glowing golden altar of the Shining One.
  7401 | D:6      | Noticed SeagullWaffle's ghost (novice OpTm)
  7402 | D:6      | Noticed jt's ghost (novice MeCA)
  7460 | D:7      | Noticed Sigmund
  7493 | D:7      | Killed Sigmund
  7494 | D:7      | Reached skill level 10 in Fighting
  7627 | D:7      | Mangled by an orc warrior

Illustrated notes

Levels and vault maps discovered:
D:1:      mushboom_english_gardens, layout_loops_ring,
          hellmonk_ecumenical_altar_pennies_from_heaven,
          chequers_serial_rivers_large_b, dk_noncrumbling_3
D:2:      layout_loops_ring, serial_shops, nicolae_shop_hallway_stairs,
          shop_statue, shop, nicolae_shop_hallway_stairs, shop
D:3:      layout_rooms, serial_co_window_serial, co_window_corner_a,
          co_window_paths_b, co_window_paths_a, co_window_paths_b,
          co_window_cross_1, co_window_corner_a, co_window_corner_a,
          co_window_cross_4, co_window_corner_b, co_window_corner_ca,
          glass_columns_a, glass_columns_c, glass_columns_c, glass_columns_b,
          serial_shops, nicolae_shop_temple_entry_statues_fountains
D:4:      layout_rooms, makhleb_blood_cavern_becter, uniq_duvessa,
          uniq_eustachio
D:5:      minmay_clustersquares, layout_rooms, vehumet_crystals,
          gup_ossuary_entry_pyramid, cheibrodos_gnoll_hut
D:6:      layout_gridville, mainiacjoe_overflow_paths, marbit_many_paths,
          nicolae_tso_carved_into_rock, nicolae_qazlal_scattered_showers,
          nicolae_yredelemnul_corpse_copse, minmay_temple_entry_arrows,
          gammafunk_ghost_cemetery, minmay_door_square, uniq_menkaure
D:7:      layout_basic, zin_purify, serial_co_window_serial, co_window_corner_a,
          co_window_paths_a, co_window_corner_a, co_window_corner_a,
          co_window_paths_b, co_window_corner_a, co_window_paths_a,
          co_window_broadway_c, co_window_corner_b, co_window_2corner,
          glass_columns_a, glass_columns_a, glass_columns_b, sigmund_army

Skill      XL: |  1  2  3  4  5  6  7  8  9 10 |
---------------+-------------------------------+-----
Crossbows      | 6 7 9 10 | 10.1
Fighting       | 4 6 8 10 | 10.0
Dodging        | 4 7 9 10 | 10.0
Stealth        | 3 |  3.2

Action                   |  1- 3 |  4- 6 |  7- 9 | 10-12 || total
-------------------------+-------+-------+-------+-------++-------
 Fire: Hand crossbow     |    81 |    81 |   372 |    82 ||   616
  Use: Scroll            |     4 |     8 |    10 |     3 ||    25
       Potion            |       |       |     2 |     2 ||     4
Armor: Leather armour    |     8 |    11 |    26 |       ||    45
       Acid dragon scale |       |       |     7 |     4 ||    11
Dodge: Dodged            |    20 |    26 |   206 |    48 ||   300

Table legend: (Time is in decaauts)
 A = Elapsed time spent in this place.
 B = Non-inter-level travel time spent in this place.
 C = Inter-level travel time spent in this place.
 D = Time resting spent in this place.
 E = Time spent auto-exploring this place.
 F = Levels seen in this place.
 G = Mean time per level.
                   A        B        C        D        E       F      G
               +--------+--------+--------+--------+--------+-----+--------+
         Total |   7728 |   7447 |    281 |   1705 |   4639 |   8 |  966.0 |
       Dungeon |   7463 |   7182 |    281 |   1609 |   4562 |   7 | 1066.1 |
       Ossuary |    264 |    264 |      0 |     96 |     77 |   1 |  264.0 |
               +--------+--------+--------+--------+--------+-----+--------+

Top non-repeatable levels by time:
     D:4: 1424 daAuts
     D:5: 1373 daAuts
     D:6: 1206 daAuts
     D:1: 1190 daAuts
     D:3: 1134 daAuts
     D:2: 928 daAuts
 Ossuary: 264 daAuts
     D:7: 206 daAuts
